 Dungeon Crawl Stone Soup version 0.20-a0-269-g17f5411 (webtiles) character file.

214 Leibowitz the Cutter (level 5, 0/41 HPs)
             Began as a Demigod Gladiator on Dec 9, 2016.
             Slain by an orc
             ... wielding a +0 dagger
              (1 damage)
             ... on level 3 of the Dungeon.
             The game lasted 00:05:20 (3031 turns).

Leibowitz the Cutter (Demigod Gladiator)            Turns: 3031, Time: 00:05:21

Health: 0/41       AC:  3    Str: 18    XL:     5   Next: 33%
Magic:  7/7        EV: 14    Int: 12    God:
Gold:   151        SH:  0    Dex: 18    Spells: 4/4 levels left

rFire  . . .     SeeInvis .     a - +0 rapier
rCold  . . .     Gourm    .     p - +0 robe (curse)
rNeg   . . .     Faith    .     (no shield)
rPois  +         Spirit   .     c - +0 helmet
rElec  .         Reflect  .     (no cloak)
rCorr  .         Harm     .     (no gloves)
MR     .....                    (no boots)
Stlth  ++........               (no amulet)
                                (no ring)
                                l - ring of poison resistance

@: no status effects
A: high mp 1
a: no special abilities


You were on level 3 of the Dungeon.
You were hungry.

You visited 1 branch of the dungeon, and saw 3 of its levels.

You collected 151 gold pieces.

Inventory:

Hand Weapons
 a - a +0 rapier (weapon)
Missiles
 d - a throwing net (quivered)
Armour
 c - a +0 helmet (worn)
 p - a cursed +0 robe (worn)
Jewellery
 l - a ring of poison resistance (left hand)
Scrolls
 g - a scroll of enchant armour {unknown}
 h - 4 scrolls of immolation {unknown}
 i - 2 scrolls of amnesia {unknown}
 o - a scroll of remove curse {unknown}
Potions
 b - a potion of heal wounds {unknown}
 e - a potion of lignification {unknown}
 m - a potion of curing {unknown}
 n - 2 potions of resistance {unknown}
Comestibles
 f - a bread ration
 j - a meat ration
 k - a beef jerky


   Skills:
 + Level 2.2 Fighting
 + Level 3.8 Short Blades
 + Level 1.8 Throwing
 + Level 1.5 Armour
 * Level 3.6 Dodging
 * Level 2.3 Stealth


You had 4 spell levels left.
You didn't know any spells.

Dungeon Overview and Level Annotations

Branches:
Dungeon (3/15)

Annotations:
D:3 Leibowitz's ghost, amateur DgGl


Innate Abilities, Weirdness & Mutations

You have an increased reservoir of magic. (+10% MP)


Message History

The orc priest hits you.
* * * LOW HITPOINT WARNING * * *
You hit the orc priest.
You kill the orc priest!
The orc hits you but does no damage.
You hit the orc but do no damage. The orc hits you with a dagger.
* * * LOW HITPOINT WARNING * * *
You hit the orc.
The orc is severely wounded.
The orc closely misses you.
You closely miss the orc.
The orc is severely wounded.
The orc barely misses you.
You hit the orc.
The orc is almost dead.
The orc barely misses you. The orc completely misses you.
You closely miss the orc.
The orc is severely wounded.
The orc hits you with a dagger.
You die...

#....# ######......
#....# #...##......
#....#####...........
#....................
#....#####.[.....####
#....# #...#.#.....
#....## #####.######
#.....# #.####.#
#...@)# #......#
#####o# ######.. .#
#... .# #.[. ##
###########
#..........
#.#########
#..........
###########


You could see an orc.

Vanquished Creatures
  An orc priest (D:3)
  Terence (D:2)
  Natasha (thrice) (D:2)
  3 adders (D:2)
  An ooze (D:2)
  3 worms (D:2)
  2 orcs (D:3)
  4 giant cockroaches
  4 goblins (D:1)
  6 hobgoblins
  2 jackals (D:3)
  4 bats
  4 frilled lizards
  5 kobolds
  2 rats (D:2)
45 creatures vanquished.

Notes
Turn   | Place    | Note
-------+----------+-------------------------------------------
     0 | D:1      | Leibowitz the Demigod Gladiator began the quest for the Orb.
     0 | D:1      | Reached XP level 1. HP: 17/17 MP: 3/3
   224 | D:1      | Reached XP level 2. HP: 24/24 MP: 4/4
   805 | D:2      | Noticed Natasha
   820 | D:2      | HP: 1/24 [Natasha (3)]
   821 | D:2      | Killed Natasha
   821 | D:2      | Reached skill level 1 in Stealth
   821 | D:2      | Reached XP level 3. HP: 1/29 MP: 5/5
  1351 | D:2      | Found a deep blue altar of Sif Muna.
  1743 | D:2      | Reached XP level 4. HP: 36/36 MP: 6/6
  2092 | D:2      | Noticed Natasha
  2102 | D:2      | Killed Natasha
  2102 | D:2      | Reached skill level 1 in Armour
  2299 | D:2      | Noticed Natasha
  2307 | D:2      | Killed Natasha
  2439 | D:3      | Noticed Terence
  2458 | D:2      | Killed Terence
  2458 | D:2      | Reached XP level 5. HP: 19/41 MP: 7/7
  2794 | D:3      | Found a radiant altar of Vehumet.
  2841 | D:3      | Noticed Leibowitz's ghost (amateur DgGl)
  3025 | D:3      | HP: 2/41 [orc priest (5)]
  3031 | D:3      | Slain by an orc

Vault maps used:
D:1:      scummos_arrival_checkerplants, minmay_misc_feat_alley,
          kennysheep_doodads
D:2:      old_standard_altar, minmay_misc_feat_enclosed, uniq_natasha
D:3:      fiery_altar_vehumet, uniq_terence

Skill      XL: |  1  2  3  4 |
---------------+-------------+-----
Dodging        | 3 |  3.6
Short Blades   | 3 |  3.8
Stealth        | 1 2 |  2.3
Fighting       | 2 |  2.2
Armour         | 1 |  1.5
Throwing       | |  1.8

Action                   |  1- 3 |  4- 6 || total
-------------------------+-------+-------++-------
Melee: Rapier            |    78 |    93 ||   171
Throw: Throwing net      |     4 |       ||     4
 Stab: Sleeping          |     3 |     3 ||     6
       Held in net/web   |     1 |       ||     1
  Eat: Chunk             |     3 |     3 ||     6
Armor: Leather armour    |     6 |     6 ||    12
       Robe              |       |     3 ||     3
Dodge: Dodged            |    44 |    42 ||    86
